 Dungeon Crawl Stone Soup version 0.27-a0-637-g3a9f0a9c12 (webtiles) character file.

Game seed: 6537881358544864260

67148 tilp the Black Belt (level 15, -4/108 HPs)
             Began as an Octopode Transmuter on Mar 14, 2021.
             Was a High Priest of Okawaru.
             Slain by a soldier ant (12 damage)
             ... on level 6 of the Lair of Beasts.
             The game lasted 00:53:22 (31224 turns).

tilp the Black Belt (Octopode Transmuter)          Turns: 31224, Time: 00:53:22

Health: -4/108     AC:  4    Str: 11    XL:     15   Next: 22%
Magic:  0/31       EV: 20    Int: 26    God:    Okawaru [*****.]
Gold:   1080       SH:  9    Dex: 13    Spells: 9/24 levels left

rFire    . . .     SeeInvis +     - Unarmed
rCold    . . .     Faith    .   J - +3 buckler {AC+3}
rNeg     . . .     Spirit   +   (helmet restricted)
rPois    .         Reflect  .   s - amulet of guardian spirit
rElec    .         Harm     .   p - +6 ring of intelligence
rCorr    .         Rampage  .   B - ring of magical power
Will     +....                  w - ring of see invisible
Stlth    ++++++....             D - +4 ring of slaying
HPRegen  0.28/turn              (no ring)
MPRegen  0.22/turn              (no ring)
                                (no ring)
                                (no ring)

@: heroic
A: almost no armour, amphibious, 8 rings, camouflage 1, gelatinous body 1,
nimble swimmer 1, tentacles
a: Renounce Religion, Heroism, Finesse


You were on level 6 of the Lair of Beasts.
You worshipped Okawaru.
Okawaru was extremely pleased with you.
You visited 2 branches of the dungeon, and saw 17 of its levels.
You also visited: Gauntlet.

You collected 1080 gold pieces.

Inventory:

Missiles
 a - 25 silver javelins {!f}
 e - 4 atropa-tipped darts {!f}
 i - 27 poisoned darts (quivered)
 n - 8 javelins
 v - 16 boomerangs
 A - 4 silver boomerangs
 E - 6 curare-tipped darts
Armour
 I - the +0 hat "Camm" {rF- rN+ Int+4}
   (Okawaru gifted it to you on level 5 of the Lair of Beasts)

   It affects your intelligence (+4).
   It makes you vulnerable to fire.
   It protects you from negative energy.
 J - a +3 buckler of protection (worn)
 Q - a +2 kite shield of cold resistance
Jewellery
 h - an amulet of the acrobat
 p - a +6 ring of intelligence (left tentacle)
 r - an amulet of magic regeneration
 s - an amulet of guardian spirit (around mantle)
 w - a ring of see invisible (on tentacle)
 B - a ring of magical power (right tentacle)
 D - a +4 ring of slaying (on tentacle)
 O - a ring of ice
Wands
 b - a wand of acid (4)
 l - a wand of digging (7)
 y - a wand of polymorph (24)
 G - a wand of iceblast (7)
 H - a wand of flame (39)
 K - a wand of charming (18)
 M - a wand of paralysis (38)
Scrolls
 d - 4 scrolls of teleportation
 j - 6 scrolls of amnesia
 t - 3 scrolls of fog
 P - a scroll of blinking
 R - a scroll of identify
Potions
 c - 3 potions of attraction
 f - a potion of haste
 g - 2 potions of ambrosia
 k - a potion of magic
 m - 14 potions of curing
 o - a potion of cancellation
 q - 3 potions of brilliance
 u - 3 potions of mutation
 x - 2 potions of heal wounds
 z - 2 potions of invisibility
 C - 3 potions of flight
 L - 2 potions of lignification
 N - a potion of might
Miscellaneous
 F - a phantom mirror


   Skills:
 - Level 12.0(17.0) Fighting
 - Level 10.0(15.0) Dodging
 - Level 6.0(11.0) Stealth
 - Level 4.0(9.0) Shields
 - Level 15.0(20.0) Unarmed Combat
 + Level 5.3 Spellcasting
 + Level 9.9 Transmutations
 - Level 2.0 Ice Magic
 - Level 2.0 Poison Magic
 - Level 8.0 Invocations
 - Level 6.0 Evocations


You had 9 spell levels left.
You knew the following spells:

 Your Spells              Type           Power      Damage    Failure   Level
a - Beastly Appendage     Tmut           100%       N/A       1%          1
b - Wereblood             Tmut           56%        N/A       1%          2
c - Spider Form           Tmut/Pois      19%        N/A       1%          3
d - Ice Form              Ice/Tmut       38%        N/A       6%          4
e - Blade Hands           Tmut           28%        N/A       3%          5

Your spell library contained the following spells:

 Spells                   Type           Power      Damage    Failure   Level
 Passwall                 Tmut/Erth      26%        N/A       1%          2
 Freeze                   Ice            68%        1d8       3%          1
 Animate Skeleton         Necr           12%        N/A       8%          1
 Corona                   Hex            6%         N/A       8%          1
 Pain                     Necr           24%        1d5       8%          1
 Sandblast                Erth           12%        2d6       8%          1
 Petrify                  Tmut/Erth      32%        N/A       10%         4
 Slow                     Hex            6%         N/A       12%         2
 Hydra Form               Tmut           28%        N/A       19%         6
 Confusing Touch          Hex            6%         N/A       22%         3
 Conjure Flame            Conj/Fire      6%         6-21      22%         3
 Gell's Gravitas          Tloc           3%         N/A       22%         3
 Inner Flame              Hex/Fire       6%         N/A       22%         3
 Portal Projectile        Hex/Tloc       12%        N/A       22%         3
 Stone Arrow              Conj/Erth      12%        3d7       22%         3
 Vampiric Draining        Necr           3%         2d6       22%         3
 Irradiate                Conj/Tmut      16%        3d19      26%         5
 Yara's Violent Unravell  Hex/Tmut       16%        3d8       26%         5
 Animate Dead             Necr           3%         N/A       58%         4
 Cause Fear               Hex            3%         N/A       58%         4
 Leda's Liquefaction      Hex/Erth       3%         N/A       58%         4
 Dragon Form              Tmut           28%        N/A       71%         7
 Metabolic Englaciation   Hex/Ice        6%         N/A       80%         5
 Statue Form              Tmut/Erth      21%        N/A       83%         6
 Agony                    Necr           6%         N/A       91%         5
 Fireball                 Conj/Fire      3%         3d4       91%         5
 Lee's Rapid Deconstruct  Erth           3%         3d6*      91%         5
 Freezing Cloud           Conj/Ice/Air   5%         6-21      100%        6


Dungeon Overview and Level Annotations

Branches:
Dungeon (11/15)            Temple (0/1) D:6            Lair (6/6) D:8
  Swamp (0/4) Lair:3        Snake (0/4) Lair:4        Slime (0/5) Lair:6
    Orc (0/2) D:10        Gauntlet (visited)

Altars:
Ashenzari
Elyvilon
Gozag
Hepliaklqana
Okawaru
Uskayaw
Vehumet
Wu Jian
Yredelemnul
The Shining One
Jiyva

Annotations:
Lair:4 2 transporters, exclusion: 2 ice statues, adept's ghost, journeyman GrFi
Lair:6 3 exclusions


Innate Abilities, Weirdness & Mutations

You cannot wear most types of armour.
You are amphibious.
You can wear up to eight rings at the same time.
Your skin changes colour to match your surroundings (Stealth+).
Your rubbery body absorbs attacks. (AC +1, EV +1)
You are stealthy while swimming. (Stealth+)
You have tentacles for arms and can constrict up to eight enemies at once.


Message History

The entropy weaver hits you!
* * * LOW HITPOINT WARNING * * *
The entropy weaver misses you. The entropy weaver hits you!
* * * LOW HITPOINT WARNING * * *
The soldier ant barely misses you.
A worker ant comes into view.
The worker ant completely misses you.
You feel sick.
The soldier ant waves its antennae.
The entropy weaver barely misses you. x2; The entropy weaver hits you!
* * * LOW HITPOINT WARNING * * *
The entropy weaver hits you!
* * * LOW HITPOINT WARNING * * *
Unknown command.
You feel much better.
You feel sick.
The entropy weaver gestures at you while chanting.
The entropic weave corrodes you!
Unknown command.
You feel better.
The sentinel's mark upon you fades away.
The soldier ant stings you.
* * * LOW HITPOINT WARNING * * *
The entropy weaver points at you and mumbles some strange words.
The entropic weave corrodes you!
A soldier ant comes into view.
You feel strangely stable.
Your magical effects are unravelling.
You feel magically purged.
You howl as the wereblood boils in your veins!
You warm up again.
Your +3 buckler of protection unmelds from your body.
You feel protected.
Your primal bloodlust has ended.
You are no longer corroded.
You block the soldier ant's attack. The entropy weaver hits you!
* * * LOW HITPOINT WARNING * * *
The entropy weaver hits you!
* * * LOW HITPOINT WARNING * * *
The entropy weaver completely misses you.
You block the entropy weaver's attack. The soldier ant stings you!
You die...

(.....P....## .....#..P.##
.....##....## ............##
.. ..P..P.P.....## ^.#
.P.P..P.......# ...$
....P.........## ###...
...P.##........### B#.B#####
....<..........B@##.B.##..P#
...............BBB#B''##..P#
...P............B†BB.....###
.................BB.......#
.....PP...................#
..................#....#..#
......#...................##
.....P............#....#.#.#
......P...[..P.#.##.......##


You could see an entropy weaver, 6 soldier ants and 2 worker ants.

Vanquished Creatures
  Nessos (Lair:6)
  An entropy weaver (Lair:6)
  A minotaur (Gauntlet)
  Josephine (D:11)
  2 boulder beetles
  6 hydras
  2 two-headed ogres (D:9)
  A catoblepas (Lair:6)
  10 death yaks
  A queen ant (Lair:6)
  A lindwurm (Lair:6)
  2 manticores
  Joseph (D:10)
  4 black mambas
  2 centaur zombies (D:10)
  35 elephants
  Psyche (D:10)
  11 cane toads
  2 torpor snails
  3 rime drakes
  8 komodo dragons
  5 polar bears
  6 trolls
  A hornet (D:9)
  Grinder (D:3)
  7 blink frogs (Lair:2)
  23 dream sheep
  2 centaur simulacra (Gauntlet)
  5 wraiths
  Eustachio (D:6)
  A wyvern (Lair:6)
  7 basilisks
  36 yaks
  Grum (D:10)
  A steam dragon (Lair:3)
  A warg (D:10)
  4 nagas (Lair:4)
  2 swamp worms (Gauntlet)
  9 soldier ants (Lair:6)
  14 water moccasins
  A hydra simulacrum (Gauntlet)
  A large abomination (Gauntlet)
  A meliai simulacrum (Gauntlet)
  4 black bears
  3 orc warriors
  2 ice beasts
  5 sky beasts
  A necrophage (D:11)
  7 ogres
  17 wolves
  5 centaurs
  15 bullfrogs
  3 small abominations (Gauntlet)
  2 scorpions (D:8)
  3 wights
  A howler monkey (D:5)
  8 electric eels
  A jelly (D:5)
  A wyvern simulacrum (Gauntlet)
  A quasit (D:8)
  3 bullfrog skeletons
  2 bullfrog zombies
  9 hounds
  9 orc priests
  Crazy Yiuf (D:2)
  A centaur skeleton (D:6)
  16 orc wizards
  Ijyb (D:3)
  Natasha (thrice) (D:3)
  Terence (D:3)
  An iguana (D:5)
  12 worker ants
  Robin (D:2)
  14 gnolls
  10 adders
  3 white imps
  An ooze (D:6)
  An adder skeleton (D:8)
  3 worms (D:2)
  5 dart slugs
  3 leopard geckos
  42 orcs
  4 bats
  5 giant cockroaches
  15 goblins
  12 hobgoblins
  15 jackals
  6 kobolds
  2 quokkas
  5 frilled lizards
  A giant cockroach zombie (D:6)
  7 rats
519 creatures vanquished.

Vanquished Creatures (collateral kills)
  A hydra (Lair:1)
  Urug (Lair:4)
2 creatures vanquished.

Vanquished Creatures (others)
  An elephant (Lair:6)
  47 fungi
  85 plants
  14 withered plants (Gauntlet)
147 creatures vanquished.

Grand Total: 668 creatures vanquished

Notes
Turn   | Place    | Note
-------+----------+-------------------------------------------
     0 | D:1      | tilp the Octopode Transmuter began the quest for the Orb.
     0 | D:1      | Reached XP level 1. HP: 13/13 MP: 3/3
   357 | D:1      | Reached skill level 1 in Stealth
   539 | D:1      | Reached XP level 2. HP: 18/18 MP: 3/5
   542 | D:1      | Learned a level 2 spell: Wereblood
  1176 | D:2      | Reached XP level 3. HP: 23/23 MP: 2/6
  1441 | D:2      | Found an iron altar of Okawaru.
  1724 | D:2      | Became a worshipper of Warmaster Okawaru
  1827 | D:2      | Reached XP level 4. HP: 27/28 MP: 5/7
  2356 | D:2      | Found a runed translucent door.
  2357 | D:2      | Noticed Crazy Yiuf
  2477 | D:2      | Noticed Robin
  2496 | D:2      | Killed Robin
  2497 | D:2      | Reached skill level 4 in Unarmed Combat
  2579 | D:2      | Reached XP level 5. HP: 34/34 MP: 6/8
  2812 | D:3      | Noticed Ijyb
  2819 | D:3      | Killed Ijyb
  3112 | D:3      | Noticed Natasha
  3124 | D:3      | Killed Natasha
  3270 | D:3      | Reached skill level 5 in Unarmed Combat
  3298 | D:3      | Found an opulent altar of Gozag.
  3298 | D:3      | Found a glowing golden altar of the Shining One.
  3299 | D:3      | Found a hazy altar of Hepliaklqana.
  3333 | D:3      | Found a transporter.
  3356 | D:3      | Noticed Grinder
  3358 | D:3      | Reached XP level 6. HP: 41/41 MP: 9/9
  3360 | D:3      | Paralysed by Grinder for 7 turns
  3371 | D:3      | Killed Grinder
  3371 | D:3      | Reached * piety under Okawaru
  3521 | D:3      | Found a transporter.
  3558 | D:3      | Found a broken altar of Ashenzari.
  3559 | D:3      | Noticed Natasha
  3593 | D:3      | Reached skill level 6 in Unarmed Combat
  3593 | D:3      | Reached XP level 7. HP: 47/47 MP: 6/10
  3656 | D:3      | Reached skill level 1 in Invocations
  4105 | D:3      | Noticed Terence
  4117 | D:3      | Killed Terence
  4377 | D:3      | Found a white marble altar of Elyvilon.
  4884 | D:3      | Killed Natasha
  4955 | D:3      | Noticed Natasha
  4973 | D:3      | Killed Natasha
  5658 | D:5      | Entered Level 5 of the Dungeon
  5689 | D:5      | Reached ** piety under Okawaru
  5769 | D:5      | Reached skill level 1 in Evocations
  5997 | D:5      | Reached XP level 8. HP: 54/54 MP: 9/11
  6571 | D:5      | Learned a level 3 spell: Spider Form
  7893 | D:6      | Reached skill level 1 in Poison Magic
  7918 | D:6      | Found a staircase to the Ecumenical Temple.
  7925 | D:6      | Noticed Eustachio
  7935 | D:6      | Killed Eustachio
  8538 | D:6      | Reached skill level 5 in Transmutations
  8538 | D:6      | Reached XP level 9. HP: 56/58 MP: 12/15
  8543 | D:6      | Reached *** piety under Okawaru
 10200 | D:8      | Found a hide-covered altar of Uskayaw.
 10626 | D:8      | Noticed a troll
 10638 | D:8      | Killed a troll
 10639 | D:8      | Reached skill level 7 in Unarmed Combat
 10933 | D:8      | Reached skill level 5 in Fighting
 11044 | D:8      | Found a staircase to the Lair.
 11503 | D:8      | Noticed a troll
 11512 | D:8      | Killed a troll
 11513 | D:8      | Reached skill level 5 in Dodging
 11513 | D:8      | Reached XP level 10. HP: 44/66 MP: 12/16
 11939 | D:9      | Noticed a two-headed ogre
 11963 | D:9      | Reached **** piety under Okawaru
 11964 | D:9      | Reached skill level 8 in Unarmed Combat
 11969 | D:9      | Found a radiant altar of Vehumet.
 11984 | D:9      | Killed a two-headed ogre
 12213 | D:9      | Learned a level 4 spell: Ice Form
 12627 | D:9      | Found an ornate altar of the Wu Jian Council.
 12707 | D:9      | Reached skill level 1 in Ice Magic
 13026 | D:9      | Found a basalt altar of Yredelemnul.
 13112 | D:9      | Noticed a two-headed ogre
 13122 | D:9      | Killed a two-headed ogre
 13122 | D:9      | Reached ***** piety under Okawaru
 13122 | D:9      | Received a gift from Okawaru
 13165 | D:9      | Learned a level 5 spell: Blade Hands
 13212 | D:9      | Found a radiant altar of Vehumet.
 13282 | D:9      | Paralysed by a hornet for 1 turns
 13285 | D:9      | Reached XP level 11. HP: 72/72 MP: 11/17
 13512 | D:10     | Entered Level 10 of the Dungeon
 13515 | D:10     | Noticed Grum
 13525 | D:10     | Reached skill level 5 in Invocations
 13532 | D:10     | Killed Grum
 13857 | D:10     | Noticed Joseph
 13867 | D:10     | Killed Joseph
 13868 | D:10     | Reached skill level 5 in Evocations
 14045 | D:10     | Found a staircase to the Orcish Mines.
 14320 | D:10     | Noticed Psyche
 15045 | D:10     | Killed Psyche
 15248 | D:2      | Killed Crazy Yiuf
 16559 | D:11     | Noticed a manticore
 16566 | D:11     | Killed a manticore
 17133 | D:11     | Noticed Josephine
 17147 | D:11     | Killed Josephine
 17147 | D:11     | Received a gift from Okawaru
 17148 | D:11     | Reached skill level 5 in Stealth
 17629 | D:11     | Reached skill level 1 in Shields
 17811 | D:11     | Reached XP level 12. HP: 56/80 MP: 13/18
 18251 | D:11     | Noticed a boulder beetle
 18260 | D:11     | Killed a boulder beetle
 18512 | Lair:1   | Entered Level 1 of the Lair of Beasts
 18799 | Lair:1   | Noticed a seven-headed hydra
 19018 | Lair:1   | Killed a seven-headed hydra
 19019 | Lair:1   | Reached skill level 9 in Unarmed Combat
 19925 | Lair:2   | Noticed a four-headed hydra
 21275 | Lair:2   | Killed a four-headed hydra
 21561 | Lair:3   | Reached skill level 10 in Unarmed Combat
 22277 | Lair:3   | Reached XP level 13. HP: 89/89 MP: 16/19
 22336 | Lair:3   | Found a staircase to the Swamp.
 22460 | Lair:3   | Reached skill level 11 in Unarmed Combat
 22621 | Lair:3   | Received a gift from Okawaru
 23052 | Lair:4   | Noticed Urug
 23061 | Lair:4   | Killed Urug
 23137 | Lair:4   | Found a dark tunnel.
 23275 | Lair:4   | Found a transporter.
 23290 | Lair:4   | Found a transporter.
 23290 | Lair:4   | Noticed adept's ghost (journeyman GrFi)
 23297 | Lair:4   | Reached skill level 12 in Unarmed Combat
 23342 | Lair:4   | Reached skill level 10 in Fighting
 23346 | Lair:4   | Found a staircase to the Snake Pit.
 23348 | Lair:4   | Found a gate leading to a gauntlet.
 23358 | Gauntlet | Entered a Gauntlet
 23358 | Gauntlet | Found a transporter.
 23358 | Gauntlet | Found a transporter.
 23358 | Gauntlet | Found a transporter.
 23552 | Gauntlet | Found a transporter.
 23562 | Gauntlet | Found a transporter.
 23565 | Gauntlet | Found a transporter.
 23579 | Gauntlet | Found a transporter.
 23594 | Gauntlet | Found a transporter.
 23611 | Gauntlet | Found a transporter.
 23612 | Gauntlet | Found a transporter.
 23622 | Gauntlet | Found a transporter.
 23625 | Gauntlet | Found a transporter.
 23626 | Gauntlet | Found a runed translucent door.
 24028 | Gauntlet | Received a gift from Okawaru
 24267 | Gauntlet | Identified the +4 rapier "Akinkut" {vorpal, +Blink MP+9
                  | Str+2}
 24267 | Gauntlet | Noticed a minotaur
 24278 | Gauntlet | Killed a minotaur
 24282 | Gauntlet | Identified Latujuw's Almanac of Fiery Snow
 25687 | Lair:5   | Reached XP level 14. HP: 98/99 MP: 20/20
 25690 | Lair:5   | Reached skill level 13 in Unarmed Combat
 25966 | Lair:5   | You fall into a shaft and drop 1 floor!
 25966 | Lair:6   | Entered Level 6 of the Lair of Beasts
 26557 | Lair:6   | Found a viscous altar of Jiyva.
 26557 | Lair:6   | Found a staircase to the Slime Pits.
 26592 | Lair:6   | Received a gift from Okawaru
 28059 | Lair:5   | Identified the -3 buckler "Moqo" {rPois Str+3 Int+6}
 28283 | Lair:5   | Reached skill level 14 in Unarmed Combat
 28586 | Lair:5   | Identified the +0 hat "Camm" {rF- rN+ Int+4} (Okawaru
                  | gifted it to you on level 5 of the Lair of Beasts)
 28586 | Lair:5   | Received a gift from Okawaru
 28912 | Lair:6   | Reached skill level 10 in Dodging
 29748 | Lair:6   | Reached XP level 15. HP: 65/108 MP: 17/21
 29916 | Lair:6   | Noticed Nessos
 29962 | Lair:6   | Killed Nessos
 29963 | Lair:6   | Reached skill level 15 in Unarmed Combat
 31207 | Lair:6   | Reached skill level 5 in Spellcasting
 31221 | Lair:6   | HP: 4/129 [entropy weaver (5)]
 31224 | Lair:6   | Slain by a soldier ant

Illustrated notes

Levels and vault maps discovered:
D:1:      psy_arrival_fountain, layout_basic
D:2:      layout_loops_ring, okawaru_ov_weapons_minmay, uniq_crazy_yiuf_cottage,
          uniq_robin
D:3:      gammafunk_steamed_eel, layout_loops_ring,
          nicolae_overflow_hidden_temple, gammafunk_temple_overflow_forgotten,
          elyvilon_altar_4, uniq_grinder, uniq_natasha, uniq_terence, uniq_ijyb
D:4:      layout_loops_ring
D:5:      layout_basic
D:6:      layout_gridville, minmay_temple_entry_mist, uniq_eustachio
D:7:      layout_basic
D:8:      layout_loops_ring, kennysheep_mini_moat, erik_lair_island
D:9:      layout_basic, lemuel_doored_altar, lemuel_round_altar,
          marbit_many_paths, basic_altar, kennysheep_generic_room_4
D:10:     layout_basic, david_orc_3, uniq_grum, uniq_psyche, uniq_joseph
D:11:     layout_loops_corners, uniq_josephine
Lair:1:   layout_loops_ring, grunt_megastairs_4
Lair:2:   layout_roguey
Lair:3:   layout_cave_pods, swamp_mist
Lair:4:   layout_roguey, minmay_snake_entry_guardpost_small,
          gauntlet_entry_generic, nzn_ghost_randoct,
          lightli_volcano_entry_magma_tube, uniq_urug
Lair:5:   layout_regular_city, beast_lair_carwin_6, grunt_megastairs_1
Lair:6:   evilmike_catoblepas_cave, layout_long_grid, slime_altar_1,
          zaba_antful_of_joy, uniq_nessos

Skill      XL: |  1  2  3  4  5  6  7  8  9 10 11 12 13 14 15 |
---------------+----------------------------------------------+-----
Stealth        | 2 3 4 5 6 |  6.0
Unarmed Combat | 4 5 6 7 8 10 12 14 15 | 15.0
Fighting       | 2 3 4 5 6 8 10 11 12 | 12.0
Invocations    | 4 8 |  8.0
Evocations     | 3 4 6 |  6.0
Spellcasting   | 4 5 |  5.3
Poison Magic   | 2 |  2.0
Transmutations | 5 6 9 |  9.9
Dodging        | 5 6 8 10 | 10.0
Ice Magic      | 2 |  2.0
Shields        | 2 4 |  4.0

Action                   |  1- 3 |  4- 6 |  7- 9 | 10-12 | 13-15 || total
-------------------------+-------+-------+-------+-------+-------++-------
Melee: Unarmed           |    95 |    85 |   320 |   464 |   476 ||  1440
       Constrict         |    28 |    26 |    55 |    11 |     3 ||   123
       Tentacles         |    17 |    21 |    34 |    12 |    17 ||   101
       Kick              |     7 |    16 |    46 |     6 |       ||    75
       Punch             |     1 |       |     9 |     7 |     9 ||    26
Throw: Stone             |     5 |     8 |       |       |       ||    13
       Dart              |       |       |    19 |     1 |     5 ||    25
 Cast: Beastly Appendage |     7 |    15 |    42 |     5 |     1 ||    70
       Wereblood         |     3 |     8 |    13 |    30 |    22 ||    76
       Spider Form       |       |       |    11 |    22 |       ||    33
       Ice Form          |       |       |       |    38 |    43 ||    81
       Blade Hands       |       |       |       |     2 |     6 ||     8
Invok: Heroism           |       |       |    11 |    29 |    29 ||    69
       Finesse           |       |       |       |     1 |     1 ||     2
Evoke: Wand              |       |     2 |     3 |    14 |     7 ||    26
       Phantom mirror    |       |       |       |     1 |     1 ||     2
  Use: Scroll            |     1 |     1 |    13 |    11 |     7 ||    33
       Potion            |       |       |       |     1 |     4 ||     5
 Stab: Sleeping          |     9 |     7 |    12 |    11 |       ||    39
       Invisible         |       |       |       |       |     3 ||     3
       Paralysed         |       |       |       |       |     5 ||     5
       Distracted        |       |       |       |       |     1 ||     1
Armor: Skin              |     8 |     3 |    13 |    33 |    77 ||   134
Dodge: Dodged            |    50 |    38 |   182 |   253 |   290 ||   813
Block: Buckler           |       |       |       |       |     6 ||     6

Table legend: (Time is in decaauts)
 A = Elapsed time spent in this place.
 B = Non-inter-level travel time spent in this place.
 C = Inter-level travel time spent in this place.
 D = Time resting spent in this place.
 E = Time spent auto-exploring this place.
 F = Levels seen in this place.
 G = Mean time per level.
                   A        B        C        D        E       F      G
               +--------+--------+--------+--------+--------+-----+--------+
         Total |  30956 |  29137 |   1819 |   8619 |  15995 |  18 | 1719.8 |
       Dungeon |  18416 |  17210 |   1206 |   4060 |  10764 |  11 | 1674.2 |
          Lair |  11442 |  10829 |    613 |   4444 |   4461 |   6 | 1907.0 |
      Gauntlet |   1097 |   1097 |      0 |    114 |    770 |   1 | 1097.0 |
               +--------+--------+--------+--------+--------+-----+--------+

Top non-repeatable levels by time:
  Lair:5: 2737 daAuts
     D:3: 2335 daAuts
  Lair:6: 2327 daAuts
    D:11: 2273 daAuts
     D:8: 2179 daAuts
     D:5: 1982 daAuts
  Lair:4: 1918 daAuts
     D:2: 1779 daAuts
    D:10: 1660 daAuts
     D:9: 1654 daAuts
  Lair:2: 1570 daAuts
  Lair:3: 1459 daAuts
  Lair:1: 1430 daAuts
     D:7: 1314 daAuts
     D:6: 1170 daAuts
